 Dungeon Crawl Stone Soup version 0.24.1-8-ga250c9d538 (webtiles) character file.

Game seed: 10885268333994092810, levelgen mode: deterministic

63 nightchill the Ruffian (level 4, -4/38 HPs)
             Began as a Ghoul Gladiator on May 5, 2020.
             Slain by Sigmund
             ... wielding a +1 scythe of flaming
              (9 damage)
             ... on level 2 of the Dungeon.
             The game lasted 00:03:07 (1381 turns).

nightchill the Ruffian (Ghoul Gladiator)            Turns: 1381, Time: 00:03:07

Health: -4/38      AC:  6    Str: 17    XL:     4   Next: 9%
Magic:  3/3        EV: 11    Int:  4    God:
Gold:   43         SH:  0    Dex: 10    Spells: 3/3 levels left

rFire    . . .     SeeInvis .     - Unarmed
rCold    + . .     Gourm    .   (no shield)
rNeg     + + +     Faith    .   j - +0 ring mail
rPois    ∞         Spirit   .   b - +0 helmet
rElec    .         Reflect  .   (no cloak)
rCorr    .         Harm     .   (no gloves)
MR       .....                  (no boots)
Stlth    ..........             (no amulet)
HPRegen  0.00/turn              (no ring)
MPRegen  0.08/turn              (no ring)

@: confused, rotting
A: rotting body, claws 1, carnivore, cold resistance 1, negative energy
resistance 3, inhibited regeneration, torment resistance, unbreathing
a: no special abilities


You were on level 2 of the Dungeon.
You were not hungry.

You visited 1 branch of the dungeon, and saw 2 of its levels.

You collected 43 gold pieces.

Inventory:

Armour
 a - a +0 leather armour
 b - a +0 helmet (worn)
 j - a +0 ring mail (worn)
Scrolls
 g - 2 scrolls of remove curse {unknown}
 h - 3 scrolls of teleportation {unknown}
 i - a scroll of identify {unknown}
 k - a scroll of enchant weapon {unknown}
 o - a scroll of magic mapping {unknown}
Potions
 e - a potion of lignification {unknown}
 f - a potion of curing {unknown}
 l - a potion of might {unknown}
 n - a potion of flight {unknown}
Comestibles
 d - 2 rations
 m - 3 chunks of flesh


   Skills:
 + Level 3.1 Fighting
 - Level 1.7 Throwing
 - Level 2.6 Dodging
 * Level 4.8 Unarmed Combat


You had 3 spell levels left.
You didn't know any spells.
Your spell library was empty.

Dungeon Overview and Level Annotations

Branches:
Dungeon (2/15)

Altars:

Annotations:
D:2 Sigmund


Innate Abilities, Weirdness & Mutations

Your body is rotting away.
You thrive on raw meat.
You are immune to poison.
You have sharp fingernails.
You are carnivorous and can eat meat at any time.
Your flesh is cold resistant. (rC+)
You are immune to negative energy. (rN+++)
You do not regenerate when monsters are visible.
You are immune to unholy pain and torment.
You can survive without breathing.


Message History

The magic dart hits you.
Throwing (i - inventory)
c - a throwing net (quivered)
Press: ? - help, Shift-Dir - straight line, f/p - Sigmund
Aim: Sigmund, wielding a +1 scythe of flaming and wearing a +0 robe You throw a throwing net.
Sigmund hits you with a +1 scythe of flaming.
Sigmund burns you.
Firing (i - inventory) No suitable missiles.
Press: ? - help, Shift-Dir - straight line, f/p - Sigmund
Aim: Sigmund, wielding a +1 scythe of flaming and wearing a +0 robe
Okay, then.
You bump into the rock wall.
Sigmund hits you with a +1 scythe of flaming!
* * * LOW HITPOINT WARNING * * *
Sigmund burns you.
* * * LOW HITPOINT WARNING * * *
Eat one of 4 chunks of flesh? (ye/n/q)
You eat one of the 4 chunks of flesh.
This raw flesh tastes great!
Sigmund hits you from afar with a +1 scythe of flaming!
You die...

#....(..#
#......)#
#.......#
#######.......#
#.............#
#.............#
#........####.#
#(.....@(#....#
######.##@..#.#
#.##...#.#
#.##...#.#
#.##...#.#
..##...#.#
..#......#
@.#....###
#......#
#....#.#


You could see Sigmund.

Vanquished Creatures
  2 adders (D:2)
  An ooze (D:2)
  2 worms (D:2)
  A leopard gecko (D:1)
  5 bats
  2 giant cockroaches
  5 goblins (D:1)
  3 hobgoblins
  3 jackals (D:1)
  5 kobolds
  A quokka (D:2)
  A frilled lizard (D:1)
  A rat (D:2)
32 creatures vanquished.

Notes
Turn   | Place    | Note
-------+----------+-------------------------------------------
     0 | D:1      | nightchill the Ghoul Gladiator began the quest for the Orb.
     0 | D:1      | Reached XP level 1. HP: 17/17 MP: 0/0
   209 | D:1      | Reached XP level 2. HP: 21/25 MP: 1/1
   587 | D:1      | Reached skill level 4 in Unarmed Combat
  1017 | D:2      | Reached XP level 3. HP: 25/30 MP: 2/2
  1213 | D:2      | Found a faded altar of an unknown god.
  1223 | D:2      | Reached XP level 4. HP: 35/38 MP: 3/3
  1367 | D:2      | Noticed Sigmund
  1379 | D:2      | HP: 1/38 [Sigmund/+1 scythe of flaming (5)]
  1381 | D:2      | Slain by Sigmund

Levels and vault maps discovered:
D:1:      arrival_zaba_pyramid, layout_basic
D:2:      layout_basic, grunt_temple_overflow_order_and_chaos_2,
          chequers_ecumenical_altar_simple, uniq_terence, uniq_sigmund,
          uniq_jessica

Skill      XL: |  1  2  3 |
---------------+----------+-----
Unarmed Combat | 4 |  4.8
Fighting       | 3 |  3.1
Throwing       | |  1.7
Dodging        | |  2.6

Action                   |  1- 3 |  4- 6 || total
-------------------------+-------+-------++-------
Melee: Unarmed           |    99 |     9 ||   108
       Punch             |     2 |     1 ||     3
Throw: Throwing net      |       |     3 ||     3
  Eat: Chunk             |     7 |     2 ||     9
Armor: Leather armour    |    12 |       ||    12
       Ring mail         |    31 |     1 ||    32
Dodge: Dodged            |    56 |     1 ||    57
